 Dungeon Crawl Stone Soup version 0.23-a0-239-g84a5ed292d (webtiles) character file.

485 Lepercus the Ruffian (level 6, -2/72 HPs)
             Began as a Demonspawn Berserker on Sept 26, 2018.
             Was a Believer of Trog.
             Slain by an orc
             ... wielding a +0 war axe
              (7 damage)
             ... on level 5 of the Dungeon.
             The game lasted 00:12:21 (3191 turns).

Lepercus the Ruffian (Demonspawn Berserker)         Turns: 3191, Time: 00:12:21

Health: -2/72      AC: -11   Str: 25    XL:     6   Next: 88%
Magic:  0/6        EV: 12    Int: 11    God:    Trog [**....]
Gold:   245        SH:  0    Dex: 12    Spells: 5/5 levels left

rFire    . . .     SeeInvis .     - Unarmed
rCold    . . .     Gourm    .   (no shield)
rNeg     . . .     Faith    .   h - +0 ring mail
rPois    .         Spirit   +   (helmet restricted)
rElec    .         Reflect  .   c - scarf {Spirit}
rCorr    .         Harm     .   (no gloves)
MR       .....                  u - +2 pair of boots
Stlth    ..........             (no amulet)
HPRegen  0.22/turn              i - +3 ring of intelligence
MPRegen  0.10/turn              (no ring)

@: berserking (expiring), corroded, very quick
A: antennae 2, powered by pain 1
a: Berserk, Trog's Hand, Renounce Religion


You were on level 5 of the Dungeon.
You worshipped Trog.
Trog was pleased with you.
You were hungry.

You visited 1 branch of the dungeon, and saw 5 of its levels.

You collected 245 gold pieces.

Inventory:

Missiles
 q - 22 bolts
Armour
 a - a +1 animal skin
 c - a scarf of spirit shield (worn)
 h - a +0 ring mail (worn)
 u - a +2 pair of boots (worn)
Jewellery
 i - a +3 ring of intelligence (left hand)
Wands
 n - a wand of polymorph (36)
Scrolls
 f - a scroll of enchant armour
 k - a scroll of amnesia
 m - a scroll of remove curse
 p - 4 scrolls of identify
Potions
 d - a potion of flight {unknown}
 e - a potion of might {unknown}
 g - 2 potions of curing
 j - 3 potions of heal wounds {unknown}
 l - a potion of resistance {unknown}
 o - a potion of invisibility {unknown}
 s - a potion of agility {unknown}
Comestibles
 b - 6 rations
 r - 4 chunks of flesh


   Skills:
 + Level 3.9 Fighting
 + Level 3.3 Armour
 + Level 3.2 Dodging
 + Level 0.8 Stealth
 + Level 5.2 Unarmed Combat


You had 5 spell levels left.
You didn't know any spells.
Your spell library contained the following spells:

 Spells                   Type           Power        Failure   Level  Hunger
 Animate Skeleton         Necr           N/A          47%         1    ##.....
 Apportation              Tloc           #.....       47%         1    ##.....
 Beastly Appendage        Tmut           #.....       47%         1    ##.....
 Confusing Touch          Hex            #.....       47%         1    ##.....
 Summon Small Mammal      Summ           #...         47%         1    ##.....
 Sticks to Snakes         Tmut           #.......     63%         2    ###....
 Spider Form              Tmut/Pois      #.........   85%         3    ####...
 Ice Form                 Ice/Tmut       #.......     99%         4    #####..
 Blade Hands              Tmut           #.........   100%        5    ######.


Dungeon Overview and Level Annotations

Branches:
Dungeon (5/15)
 Temple: D:4-7

Altars:


Innate Abilities, Weirdness & Mutations

You have a pair of antennae on your head.
You sometimes gain a little power by taking damage.


Message History

The jelly closely misses you.
You are too berserk!
You hit the jelly but do no damage.
Your hands burn!
* * * LOW HITPOINT WARNING * * *
The jelly is severely wounded.
The orc priest hits you with a mace.
* * * LOW HITPOINT WARNING * * *
You hit the orc priest but do no damage.
The jelly misses you.
You hit the orc priest.
The orc priest is lightly wounded.
The orc closely misses you. The jelly hits you.
* * * LOW HITPOINT WARNING * * *
You are splashed with acid!
The acid burns!
* * * LOW HITPOINT WARNING * * *
You punch the orc priest!
You kill the orc priest!
Trog accepts your kill. The orc hits you with a war axe!
You die...

##..## ##..#######
##.......####
###........##
#####.....##
##.....##
##......##
.#####o...........#
....o{[@....#######
......J)...##
...........#
...........#
............#
.............#
.............#
...........##.


You could see a jelly and 2 orcs.

Vanquished Creatures
  The ghost of yrara the Skirmisher, an amateur DsFi (D:4)
  An ogre (D:2)
  The ghost of ICC the Charmwright, a weakling VSSk (D:4)
  A bullfrog zombie (D:5)
  An orc priest (D:5)
  A hound (D:4)
  A centaur skeleton (D:4)
  An iguana (D:4)
  2 adders
  2 worms
  3 dart slugs
  2 leopard geckos
  2 orcs
  A ball python (D:2)
  6 bats
  4 giant cockroaches
  7 hobgoblins
  4 jackals (D:5)
  A quokka (D:2)
  6 frilled lizards
  3 goblins (D:1)
  A jackal skeleton (D:4)
  9 kobolds
  7 rats
68 creatures vanquished.

Notes
Turn   | Place    | Note
-------+----------+-------------------------------------------
     0 | D:1      | Lepercus the Demonspawn Berserker began the quest for the
                  | Orb.
     0 | D:1      | Reached XP level 1. HP: 18/18 MP: 1/1
    57 | D:1      | HP: 1/27 [kobold/short sword (4)]
   367 | D:1      | Gained mutation: You sometimes gain a little power by
                  | taking damage. [demonic ancestry]
   367 | D:1      | Reached XP level 2. HP: 24/24 MP: 2/2
   482 | D:1      | Reached skill level 3 in Unarmed Combat
  1015 | D:2      | Noticed an ogre
  1032 | D:2      | Killed an ogre
  1032 | D:2      | Reached XP level 3. HP: 18/29 MP: 0/3
  1032 | D:2      | Gained mutation: You have a pair of small antennae on your
                  | head. [demonic ancestry]
  1032 | D:2      | Reached XP level 4. HP: 23/36 MP: 0/4
  1099 | D:2      | Reached ** piety under Trog
  1202 | D:2      | Reached skill level 4 in Unarmed Combat
  1202 | D:2      | Gained mutation: You have a pair of antennae on your head.
                  | [demonic ancestry]
  1202 | D:2      | Reached XP level 5. HP: 35/42 MP: 5/5
  2569 | D:4      | Found a runed gate.
  2569 | D:4      | Found a runed gate.
  2571 | D:4      | Found a runed gate.
  2573 | D:4      | Noticed yrara's ghost (amateur DsFi)
  2576 | D:4      | Noticed ICC's ghost (weakling VSSk)
  2585 | D:4      | Killed yrara's ghost
  2585 | D:4      | Reached XP level 6. HP: 40/48 MP: 4/6
  2589 | D:4      | Killed ICC's ghost
  2589 | D:4      | Reached skill level 5 in Unarmed Combat
  2993 | D:5      | Entered Level 5 of the Dungeon
  3191 | D:5      | Slain by an orc

Vault maps used:
D:1:      ncdulo_halloftheorcs
D:4:      gammafunk_ghost_cemetery
D:5:      first_ration, nicolae_ru_sacrificial_ziggurat

Skill      XL: |  1  2  3  4  5  6 |
---------------+-------------------+-----
Unarmed Combat | 3 4 5 |  5.2
Dodging        | 2 3 |  3.2
Armour         | 2 3 |  3.3
Fighting       | |  3.9
Stealth        | |  0.8

Action                   |  1- 3 |  4- 6 || total
-------------------------+-------+-------++-------
Melee: Unarmed           |   103 |   195 ||   298
       Punch             |     2 |     3 ||     5
Invok: Berserk           |     2 |     3 ||     5
  Use: Scroll            |     3 |     6 ||     9
  Eat: Chunk             |     1 |     7 ||     8
       Ration            |       |     1 ||     1
Armor: Animal skin       |    16 |       ||    16
       Ring mail         |     8 |    80 ||    88
Dodge: Dodged            |    54 |   144 ||   198

Table legend:
 A = Non-vault XP
 B = Vault XP
 C = Vault XP percentage of total XP
 D = Non-vault monster count
 E = Vault monster count
 F = Vault count percentage of total count
                 A         B        C        D         E       F
            +---------+---------+-------+---------+---------+-------
      Total |     461 |     232 |  33.5 |      66 |       2 |   2.9
            +---------+---------+-------+---------+---------+-------
        D:1 |      40 |       0 |   0.0 |      26 |       0 |   0.0
        D:2 |     180 |       0 |   0.0 |      21 |       0 |   0.0
        D:3 |      18 |       0 |   0.0 |       5 |       0 |   0.0
        D:4 |     122 |     232 |  65.5 |       6 |       2 |  25.0
        D:5 |     101 |       0 |   0.0 |       8 |       0 |   0.0
            +---------+---------+-------+---------+---------+-------
